 Dungeon Crawl Stone Soup version 0.27-a0-506-g2188dfaaa0 (webtiles) character file.

Game seed: 9835530182103500166

279 Morbidden the Conjurer (level 6, 43/43 HPs)
             Began as a Demonspawn Conjurer on Mar 3, 2021.
             Quit the game on level 4 of the Dungeon.
             The game lasted 00:05:23 (4417 turns).

Morbidden the Conjurer (Demonspawn Conjurer)        Turns: 4417, Time: 00:05:24

Health: 43/43      AC:  3    Str:  8    XL:     6   Next: 5%
Magic:  3/11       EV: 12    Int: 21    God:
Gold:   128        SH:  4    Dex: 11    Spells: 8/11 levels left

rFire    . . .     SeeInvis .   a - +1 dagger (vamp)
rCold    . . .     Faith    .   (no shield)
rNeg     . . .     Spirit   .   e - +0 leather armour {rPois}
rPois    +         Reflect  .   (helmet restricted)
rElec    .         Harm     .   (no cloak)
rCorr    .         Rampage  .   (no gloves)
Will     +....                  (no boots)
Stlth    ++........             (no amulet)
HPRegen  0.14/turn              h - ring of willpower
MPRegen  0.12/turn              (no ring)

@: no status effects
A: antennae 1, sturdy frame 1, condensation shield, demonic magic 1
a: no special abilities


You were on level 4 of the Dungeon.
You visited 1 branch of the dungeon, and saw 4 of its levels.

You collected 128 gold pieces.

Inventory:

Hand Weapons
 a - a +1 vampiric dagger (weapon)
Missiles
 c - 7 poisoned darts
 k - 7 javelins (quivered)
 n - 2 curare-tipped darts
Armour
 e - a +0 leather armour of poison resistance (worn)
 j - a +1 helmet of intelligence
Jewellery
 h - a ring of willpower (left hand)
Wands
 l - a wand of polymorph (12)
Scrolls
 b - a scroll of random uselessness {unknown}
 d - 4 scrolls of identify {unknown}
 f - a scroll of fog {unknown}
 g - a scroll of enchant weapon {unknown}
 m - 2 scrolls of teleportation {unknown}
Potions
 i - a potion of heal wounds
 o - a potion of brilliance {unknown}
 p - a potion of attraction {unknown}
 q - a potion of curing {unknown}


   Skills:
 * Level 1.6 Fighting
 * Level 0.2 Short Blades
 + Level 1.8 Dodging
 + Level 2.0 Stealth
 * Level 3.4 Spellcasting
 * Level 6.1 Conjurations


You had 8 spell levels left.
You knew the following spells:

 Your Spells              Type           Power        Failure   Level
a - Magic Dart            Conj           100%         1%          1
b - Searing Ray           Conj           58%          1%          2

Your spell library contained the following spells:

 Spells                   Type           Power        Failure   Level
 Dazzling Flash           Conj/Hex       32%          12%         3
 Fulminant Prism          Conj/Hex       8%           36%         4
 Iskenderun's Mystic Bla  Conj/Tloc      16%          36%         4


Dungeon Overview and Level Annotations

Branches:
Dungeon (4/15)
 Temple: D:4-7

Altars:


Innate Abilities, Weirdness & Mutations

You have a pair of small antennae on your head.
Your movements are slightly less encumbered by armour. (ER -2)
A meltable shield of frost defends you. (SH +4)
Spells you cast may paralyse adjacent enemies.


Message History

Press: ? - help, Shift-Dir - straight line, f/p - howler monkey
Aim: a howler monkey (moderately wounded, 0% to evade)
The magic dart hits the howler monkey!
The howler monkey is heavily wounded.
Malevolent energies surge around you.
Casting: Magic Dart (safe; 1% risk of failure)
Confirm with . or Enter, or press ? or * to list all spells.
Aiming: Magic Dart (safe; 1% risk of failure)
Press: ? - help, Shift-Dir - straight line, f/p - howler monkey
Aim: a howler monkey (heavily wounded, 0% to evade)
The magic dart hits the howler monkey.
The howler monkey is severely wounded.
Malevolent energies surge around you.
Unknown command.
Casting: Magic Dart (safe; 1% risk of failure)
Confirm with . or Enter, or press ? or * to list all spells.
Aiming: Magic Dart (safe; 1% risk of failure)
Press: ? - help, Shift-Dir - straight line, f/p - howler monkey
Aim: a howler monkey (severely wounded, 0% to evade)
The magic dart hits the howler monkey but does no damage.
The howler monkey is severely wounded.
Malevolent energies surge around you.
Unknown command.
Casting: Magic Dart (safe; 1% risk of failure)
Confirm with . or Enter, or press ? or * to list all spells.
Aiming: Magic Dart (safe; 1% risk of failure)
Press: ? - help, Shift-Dir - straight line, f/p - howler monkey
Aim: a howler monkey (severely wounded, 0% to evade)
The magic dart hits the howler monkey!
You kill the howler monkey!
Malevolent energies surge around you.
You have reached level 6!
Your experience leads to an increase in your attributes!
Your base attributes are Str 8, Int 20, Dex 11.
Increase (S)trength, (I)ntelligence, or (D)exterity?
You feel clever.
Your demonic ancestry asserts itself...
A pair of antennae grows on your head!
Your +1 helmet of intelligence falls away!
You feel stupid.
Are you sure you want to abandon this character and quit the game? (Confirm with "yes".)

.....###
......# .....#
#....# ....#
... #'# #@####
####....####
.>............#
#.########.####
#...#
#...######
#........#
#........#
#.######.#


There were no monsters in sight!

Vanquished Creatures
  A howler monkey (D:4)
  An orc priest (D:3)
  Jessica (D:3)
  An orc wizard (D:3)
  Robin (D:2)
  6 adders
  An ooze (D:1)
  5 worms
  A dart slug (D:2)
  2 orcs (D:3)
  A ball python (D:3)
  3 giant cockroaches
  19 goblins
  5 hobgoblins
  5 jackals
  8 kobolds
  7 bats
  3 frilled lizards
  3 rats
74 creatures vanquished.

Vanquished Creatures (others)
  A dart slug (D:3)
  2 goblins (D:3)
  A kobold (D:3)
4 creatures vanquished.

Grand Total: 78 creatures vanquished

Notes
Turn   | Place    | Note
-------+----------+-------------------------------------------
     0 | D:1      | Morbidden the Demonspawn Conjurer began the quest for the
                  | Orb.
     0 | D:1      | Reached XP level 1. HP: 13/13 MP: 3/3
   262 | D:1      | Gained mutation: A meltable shield of frost defends you.
                  | (SH +4) [demonic ancestry]
   262 | D:1      | Reached XP level 2. HP: 10/19 MP: 1/5
   617 | D:1      | Learned a level 2 spell: Searing Ray
  1046 | D:1      | Reached XP level 3. HP: 24/24 MP: 2/6
  1248 | D:2      | Noticed Robin
  1598 | D:2      | Reached skill level 1 in Fighting
  1823 | D:2      | Killed Robin
  1824 | D:2      | Reached skill level 5 in Conjurations
  1993 | D:2      | Gained mutation: Your movements are slightly less
                  | encumbered by armour. (ER -2) [demonic ancestry]
  1993 | D:2      | Reached XP level 4. HP: 32/32 MP: 0/7
  3417 | D:3      | Gained mutation: Spells you cast may paralyse adjacent
                  | enemies. [demonic ancestry]
  3417 | D:3      | Reached XP level 5. HP: 37/37 MP: 3/9
  4063 | D:3      | Noticed Jessica
  4065 | D:3      | Killed Jessica
  4066 | D:3      | Reached skill level 6 in Conjurations
  4417 | D:4      | Gained mutation: You have a pair of small antennae on your
                  | head. [demonic ancestry]
  4417 | D:4      | Reached XP level 6. HP: 43/43 MP: 3/11
  4417 | D:4      | Quit the game

Illustrated notes

Levels and vault maps discovered:
D:1:      nicolae_arrival_somewhat_less_tricky_arrival, layout_basic,
          minmay_distorted
D:2:      layout_loops_ring, uniq_robin
D:3:      layout_basic, st_stairs_7, lemuel_old_faithful, uniq_jessica
D:4:      layout_basic, kennysheep_little_box, uniq_menkaure

Skill      XL: |  1  2  3  4  5 |
---------------+----------------+-----
Fighting       | 1 |  1.6
Conjurations   | 5 6 |  6.1
Spellcasting   | 3 |  3.4
Stealth        | 2 |  2.0
Short Blades   | |  0.2
Dodging        | |  1.8

Action                   |  1- 3 |  4- 6 || total
-------------------------+-------+-------++-------
Melee: Dagger            |    29 |     3 ||    32
       Unarmed           |     1 |       ||     1
 Cast: Magic Dart        |    59 |    74 ||   133
       Searing Ray       |     5 |     7 ||    12
  Use: Potion            |     2 |       ||     2
 Stab: Paralysed         |       |     2 ||     2
Armor: Robe              |    10 |       ||    10
       Leather armour    |       |     3 ||     3
Dodge: Dodged            |    28 |    11 ||    39
Block: Other             |     8 |     4 ||    12

Table legend: (Time is in decaauts)
 A = Elapsed time spent in this place.
 B = Non-inter-level travel time spent in this place.
 C = Inter-level travel time spent in this place.
 D = Time resting spent in this place.
 E = Time spent auto-exploring this place.
 F = Levels seen in this place.
 G = Mean time per level.
                   A        B        C        D        E       F      G
               +--------+--------+--------+--------+--------+-----+--------+
         Total |   4422 |   4314 |    108 |    849 |   2972 |   4 | 1105.5 |
       Dungeon |   4422 |   4314 |    108 |    849 |   2972 |   4 | 1105.5 |
               +--------+--------+--------+--------+--------+-----+--------+

Top non-repeatable levels by time:
     D:1: 1750 daAuts
     D:2: 1728 daAuts
     D:3: 913 daAuts
     D:4: 31 daAuts
